 Dungeon Crawl Stone Soup version 0.18-a0-937-g1af3f5e (webtiles) character file.

136 Oddball22 the Stinger (level 4, -9/33 HPs)
             Began as a Demonspawn Venom Mage on Dec 28, 2015.
             Was an Initiate of Kikubaaqudgha.
             Mangled by an orc priest
             ... wielding a +0 flail
              (11 damage)
             ... on level 3 of the Dungeon.
             The game lasted 00:09:29 (3158 turns).

Oddball22 the Stinger (Demonspawn Venom Mage)       Turns: 3158, Time: 00:09:29

Health: -9/33      AC:  4    Str: 13    XL:     4   Next: 98%
Magic:  5/8        EV: 12    Int: 16    God:    Kikubaaqudgha [......]
Gold:   148        SH:  0    Dex: 15    Spells: 3 memorised, 2 levels left

rFire  . . .     SeeInvis .     e - +0 dagger
rCold  . . .     Gourm    .     a - +0 robe
rNeg   . . .     Faith    .     (no shield)
rPois  .         Spirit   .     r - +0 helmet
rElec  .         Dismiss  .     f - +0 cloak
rCorr  .         Reflect  .     (no gloves)
SustAt .         Harm     +     (no boots)
MR     .....                    v - amulet of harm
Stlth  ++........               o - +5 ring of strength (curse)
                                l - ring of wizardry

@: not resistant to hostile enchantments, unstealthy
A: powered by pain 1
a: Renounce Religion


You were on level 3 of the Dungeon.
You worshipped Kikubaaqudgha.
Kikubaaqudgha was noncommittal.
You were not hungry.

You visited 1 branch of the dungeon, and saw 3 of its levels.

You collected 148 gold pieces.

Inventory:

Hand Weapons
 e - a +0 dagger (weapon)
Armour
 a - a +0 robe (worn)
 f - a +0 cloak (worn)
 r - a +0 helmet (worn)
Jewellery
 l - a ring of wizardry (left hand)
 o - a cursed +5 ring of strength (right hand)
 u - a cursed ring of loudness
 v - an amulet of harm (around neck)
Wands
 p - a wand of confusion (25/48)
Scrolls
 g - a scroll of noise {unknown}
 j - a scroll of magic mapping {unknown}
 k - a scroll of fog {unknown}
 s - a scroll of identify
 t - a scroll of recharging {unknown}
 y - a scroll of blinking {unknown}
Potions
 h - a potion of heal wounds {unknown}
 i - a potion of invisibility {unknown}
 m - 2 potions of haste {unknown}
 n - a potion of curing
 q - a potion of lignification {unknown}
 w - 2 potions of ambrosia
 z - a potion of beneficial mutation {unknown}
Books
 b - a Young Poisoner's Handbook

   Spells                             Type                      Level
   a - Sting                          Conjuration/Poison           1
   b - Cure Poison                    Poison                       2
   c - Mephitic Cloud                 Conjuration/Poison/Air       3
   d - Olgreb's Toxic Radiance        Poison                       4
   e - Venom Bolt                     Conjuration/Poison           5
Comestibles
 c - 3 bread rations
 d - 2 meat rations
 x - 3 fruits
 A - a slice of pizza
 B - a chunk of flesh


   Skills:
 + Level 2.0 Fighting
 + Level 1.5 Short Blades
 - Level 1.7 Dodging
 - Level 1.7 Stealth
 + Level 2.7 Spellcasting
 * Level 5.0 Poison Magic


You had 2 spell levels left.
You knew the following spells:

 Your Spells              Type           Power        Failure   Level  Hunger
a - Sting                 Conj/Pois      ##..         4%          1    #......
b - Cure Poison           Pois           ###.......   1%          2    ##.....
c - Mephitic Cloud        Conj/Pois/Air  #.......     14%         3    ###....


Dungeon Overview and Level Annotations

Branches:
Dungeon (3/15)

Altars:
Gozag
Kikubaaqudgha
Nemelex Xobeh
Pakellas
Qazlal
Xom
Yredelemnul


Innate Abilities, Weirdness & Mutations

You sometimes gain a little power by taking damage.


Message History

Aim: an orc priest, wielding a flail, wearing a leather armour and wearing a scratched pearl ring The sting hits the orc priest.
The orc priest is poisoned.
The orc priest is lightly wounded.
The orc priest hits you with a flail!
* * * LOW HITPOINT WARNING * * *
You closely miss the orc priest.
The orc priest is lightly wounded.
You hit the orc priest but do no damage.
The orc priest is lightly wounded.
The orc priest mumbles some strange prayers to Beogh against you.
You barely resist. You closely miss the orc priest.
The orc priest is lightly wounded.
The orc priest hits you with a flail.
* * * LOW HITPOINT WARNING * * *
You hit the orc priest but do no damage.
The orc priest is lightly wounded.
The orc priest hits you with a flail!
You die...
Kikubaaqudgha rasps: "You have failed me!
Welcome... death!"

........ g#.#####.###.##.#
...... #............##.# #....#
#..##....##..##.# #....
#####.g##.##.##).##.# .#####...
......oo.o<..(...#...
......#>############.##.##..)...
#.........o.o.o..##.#####...
#........######..##.######(#
#..#####.oo@.....##........# #..
########.#########..# #..
##.#.########..# #..
#.###..........# #..
##.#.########)## ... ##.## #.##
### #... ####


You could see an orc priest and an orc.

Vanquished Creatures
  Jessica (D:3)
  3 gnolls (D:3)
  An adder (D:2)
  An ooze (D:3)
  2 worms
  3 giant geckos
  3 orcs (D:3)
  10 bats
  A giant cockroach (D:3)
  7 goblins
  4 hobgoblins
  3 jackals
  A quokka (D:2)
  4 ball pythons
  4 giant newts
  7 kobolds
  4 rats
59 creatures vanquished.

Notes
Turn   | Place    | Note
--------------------------------------------------------------
     0 | D:1      | Oddball22 the Demonspawn Venom Mage began the quest for the Orb.
     0 | D:1      | Reached XP level 1. HP: 13/13 MP: 3/3
   398 | D:1      | Gained mutation: You sometimes gain a little power by taking damage. [demonic ancestry]
   398 | D:1      | Reached XP level 2. HP: 20/20 MP: 1/5
   549 | D:1      | Reached skill level 1 in Fighting
   841 | D:1      | Learned a level 2 spell: Cure Poison
  1040 | D:2      | Reached skill level 1 in Short Blades
  1257 | D:2      | Reached XP level 3. HP: 23/26 MP: 3/6
  1749 | D:2      | Learned a level 3 spell: Mephitic Cloud
  2445 | D:3      | Found an oddly glowing altar of Pakellas.
  2536 | D:3      | Found an ancient bone altar of Kikubaaqudgha.
  2536 | D:3      | Found a sparkling altar of Nemelex Xobeh.
  2536 | D:3      | Found an opulent altar of Gozag.
  2536 | D:3      | Found a stormy altar of Qazlal.
  2542 | D:3      | Found a shimmering altar of Xom.
  2546 | D:3      | Found a basalt altar of Yredelemnul.
  2576 | D:3      | Became a worshipper of Kikubaaqudgha
  2678 | D:3      | Noticed Jessica
  2682 | D:3      | Killed Jessica
  2682 | D:3      | Reached XP level 4. HP: 17/33 MP: 5/8
  3150 | D:3      | Reached skill level 5 in Poison Magic
  3158 | D:3      | Mangled by an orc priest

Vault maps used:
D:1:      minmay_arrival_nine_rooms, solitary_fountain
D:2:      first_bread, serial_bayou_lake_a
D:3:      grunt_pakellas_salt, tgw_trog, nicolae_overflow_hidden_temple,
          minmay_overflow_temple_hex, uniq_jessica, uniq_terence

Action                   |  1- 3 |  4- 6 || total
-------------------------+-------+-------++-------
Melee: Dagger            |   143 |    34 ||   177
 Cast: Sting             |    55 |    25 ||    80
  Use: Potion            |     2 |     1 ||     3
       Scroll            |     1 |       ||     1
 Stab: Sleeping          |     3 |     1 ||     4
  Eat: Chunk             |     6 |     2 ||     8
